Map: Automaton LE

Players

Scarlett - Winner!

  • Race: Zerg Zerg
  • Spawn Location: 9:00

herO

  • Race: Protoss Protoss
  • Spawn Location: 3:00

Event: IEM Season 13: Katowice (2019)

VOD

Have the link to the VOD?

Description

Time

  • Played on: Feb. 25, 2019, 10:13 a.m.
  • Length: 5:25

All games in this series

Show
View Real Time Build Order
Export as new Build Order

Scarlett Zerg - Winner!

Build Orders: Pool First 

Get SALT Encoding   

  12  0:00  Drone  
  13  0:12  Overlord  
  13  0:17  Drone  
  14  0:31  Drone x2  
  14  0:34  Drone  
  14  0:35  Extractor  
  16  0:47  Drone  
  17  0:51  Spawning Pool  
  17  0:55  Drone  
  17  1:07  Drone  
  18  1:17  Drone  
  19  1:27  Hatchery  
  19  1:31  Drone  
  19  1:42  Queen  
  19  1:46  Zergling x2  
  22  1:51  Metabolic Boost  
  22  1:58  Overlord  
  22  2:17  Drone  
  22  2:18  Drone  
  22  2:19  Lair  
  24  2:24  Drone  
  25  2:35  Drone  
  26  2:39  Queen  
  26  2:40  Zergling x2  
  29  2:48  Overlord  
  29  2:49  Zergling x6  
  32  2:56  Zergling x2  
  32  2:57  Zergling x2  
  33  3:13  Zergling x6  
  33  3:19  Queen, Nydus Network  
  37  3:28  Overlord, Zergling x2  
  38  3:40  Zergling x8  
  42  3:43  Zergling x2  
  43  3:55  Nydus Canal  
  43  3:59  Queen  
  43  4:00  Zergling x6  
  48  4:07  Zergling x2  
  48  4:10  Nydus Canal  
  48  4:11  Zergling x4  
  48  4:15  Zergling x2  
  48  4:17  Zergling x2  
  49  4:24  Nydus Canal  
  49  4:33  Zergling x4  
  49  4:39  Zergling x2  
  49  4:40  Zergling x2  
  49  4:45  Zergling x2  
  47  4:53  Zergling x6  
  47  4:58  Zergling x2  
  47  4:59  Zergling x2  
  48  5:07  Zergling x2  
Show
View Real Time Build Order
Export as new Build Order

herO Protoss 

Build Orders: 1 Gate Expand, Oracle Opening 

Get SALT Encoding   

  12  0:00  Probe  
  13  0:12  Probe  
  14  0:18  Pylon  
  14  0:24  Probe  
  15  0:32  Probe  
  15  0:38  Gateway  
  15  0:40  Probe  
  16  0:48  Assimilator  
  17  0:51  Probe  
  18  1:03  Probe  
  19  1:26  Nexus  
  19  1:33  Cybernetics Core  
  19  1:37  Probe  
  20  1:42  Assimilator  
  20  1:47  Probe  
  20  1:53  Pylon  
  21  1:55  Probe  
  22  2:01  Adept  
  22  2:04  Probe  
  25  2:16  Probe  
  25  2:20  Stargate  
  26  2:27  Warp Gate  
  26  2:28  Probe  
  27  2:32  Adept  
  27  2:35  Probe  
  29  2:40  Probe  
  29  2:43  Probe  
  31  2:52  Probe  
  31  2:54  Probe  
  31  2:56  Oracle  
  33  3:04  Probe  
  34  3:06  Probe  
  38  3:14  Gateway  
  38  3:16  Probe  
  38  3:18  Probe  
  40  3:24  Gateway  
  40  3:25  Oracle  
  40  3:33  Probe  
  40  3:34  Probe  
  45  3:38  Pylon  
  45  3:45  Probe, Shield Battery  
  46  3:51  Pylon  
  46  3:52  Void Ray  
  50  4:12  Pylon  
  48  4:18  Shield Battery  
  48  4:19  Stalker  
  50  4:24  Stalker  
  50  4:27  Stalker  
  50  4:47  Zealot x2  
  48  4:53  Zealot  
  31  5:07  Stalker x3  

Tags
 
Add a new tag
Caveats
  • Supply blocks, unpowered buildings, or Contaminate may cause inaccurate times.
  • Supply counts are checked every 10 seconds.